Detroit Red Wings vs Washington Capitals
Created - Friday, February 21, 2025 at 08:08
Goals
|
| Detroit Red Wings |
2 |
0 |
1 |
3 |
| Washington Capitals |
1 |
3 |
2 |
6 |
|
Shots
|
| Detroit Red Wings |
17 |
5 |
16 |
38 |
| Washington Capitals |
12 |
13 |
3 |
28 |
|
1st period
1. Detroit Red Wings , Matthew Boldy 5 (Carter Verhaeghe 8, Zachary Werenski 3) at 0:12
2. Washington Capitals , Alex Ovechkin 5 (Jason Robertson 12, Nico Hischier 8) at 9:59
3. Detroit Red Wings , Matthew Boldy 6 (Mika Zibanejad 8, Jackson LaCombe 2) at 12:09
Penalties :
Patrick Kane (DET) for Roughing (Minor) at 5:39, Brendan Gallagher (DET) for Holding (Minor) at 13:19
2nd period
4. Washington Capitals , Alex Ovechkin 6 (Nico Hischier 9) at 0:04
5. Washington Capitals , Yegor Chinakhov 2 (John Carlson 5, Owen Tippett 5) at 12:09
6. Washington Capitals , Nico Hischier 10 (Alex Ovechkin 6, Michael McLeod 1) at 14:41
Penalties :
Zach Bogosian (DET) for Hooking (Minor) at 2:58, Zach Bogosian (DET) for Tripping (Minor) at 6:48, Zach Bogosian (DET) for Cross-checking (Minor) at 10:01, MacKenzie Weegar (DET) for High sticking (Minor) at 18:21
3rd period
7. Washington Capitals , Drake Batherson 5 (Jordan Kyrou 9) at 4:30 (PP)
8. Washington Capitals , Nico Hischier 11 (Jason Robertson 13) at 4:36
9. Detroit Red Wings , Mika Zibanejad 10 (Matthew Boldy 10) at 18:09
Penalties :
MacKenzie Weegar (DET) for Slashing (Minor) at 3:17, Jeff Petry (DET) for Roughing (Minor) at 5:40, Jamie Oleksiak (WSH) for Interference (Minor) at 18:31
Goalie Stats
Calvin Pickard (DET), 22 saves from 28 shots - (0.786), L, 5-6-0, 60:00 minutes
Jake Oettinger (WSH), 35 saves from 38 shots - (0.921), W, 8-3-0, 60:00 minutes
Players Stats for Detroit Red Wings
Player Name G A P +/- PIM S H SB GA TA FO MP PP MP PK MP
------------------------------------------------------------------------------------
Brendan Gallagher 0 0 0 0 2 0 0 0 0 0 0/0 6:26 0:00 0:00
Carter Verhaeghe 0 1 1 2 0 2 1 1 0 0 0/0 14:41 0:40 0:00
Christian Fischer 0 0 0 -1 0 0 0 0 0 0 1/1 15:32 0:00 6:54
Daniel Sprong 0 0 0 0 0 1 0 0 0 0 0/0 9:32 0:00 0:24
Jackson LaCombe 0 1 1 0 0 0 0 2 0 0 0/0 21:19 0:00 8:34
Jared McCann 0 0 0 -3 0 3 0 1 1 1 2/2 14:50 0:48 0:00
Jeff Petry 0 0 0 -2 2 0 0 1 1 0 0/0 15:04 0:38 0:15
Keegan Kolesar 0 0 0 0 0 1 0 0 0 0 0/0 13:27 0:00 7:32
Kevin Stenlund 0 0 0 0 0 0 0 0 0 0 3/9 13:27 0:00 7:32
MacKenzie Weegar 0 0 0 0 4 2 0 1 0 1 0/0 24:47 0:50 5:21
Matthew Boldy 2 1 3 2 0 6 0 0 0 0 0/0 14:41 0:40 0:00
Mika Zibanejad 1 1 2 2 0 7 2 0 0 0 9/22 21:45 0:40 7:08
Patrick Kane 0 0 0 -3 2 5 2 0 0 0 1/1 15:14 0:48 0:00
Shayne Gostisbehere 0 0 0 -2 0 1 2 0 0 1 0/0 21:25 0:50 5:06
Steven Stamkos 0 0 0 -4 0 4 3 0 0 0 9/24 16:31 0:48 0:42
Tyler Johnson 0 0 0 0 0 2 1 0 0 0 2/3 8:18 0:00 0:00
Zach Bogosian 0 0 0 0 6 2 2 1 0 1 0/0 13:46 0:00 4:03
Zachary Werenski 0 1 1 -1 0 2 6 2 1 3 0/0 24:01 0:38 6:53
Players Stats for Washington Capitals
Player Name G A P +/- PIM S H SB GA TA FO MP PP MP PK MP
------------------------------------------------------------------------------------
Alex Ovechkin 2 1 3 2 0 3 2 1 1 0 0/1 12:17 0:00 0:00
Brad Marchand 0 0 0 -1 0 4 3 1 1 1 0/0 21:03 7:52 0:47
Derek Forbort 0 0 0 2 0 2 1 0 0 0 0/0 14:01 0:00 0:48
Drake Batherson 1 0 1 -1 0 3 5 0 0 0 0/1 19:57 7:14 0:00
Fabian Zetterlund 0 0 0 1 0 1 1 0 0 0 0/1 11:05 0:00 0:00
Ian Cole 0 0 0 0 0 0 3 0 0 0 0/0 12:40 0:00 0:43
Jamie Oleksiak 0 0 0 0 2 0 3 4 0 0 0/0 25:25 7:09 0:00
Jason Robertson 0 2 2 2 0 0 1 0 0 0 0/4 20:28 7:52 0:00
John Carlson 0 1 1 -1 0 1 2 2 1 0 0/0 22:00 7:57 0:00
Jordan Kyrou 0 1 1 0 0 1 0 0 1 0 4/7 17:27 7:14 0:00
Michael McLeod 0 1 1 0 0 1 1 0 1 0 1/3 7:43 0:00 0:41
Mikael Backlund 0 0 0 -1 0 0 0 0 1 0 7/14 13:04 0:00 0:47
Nick Foligno 0 0 0 1 0 2 1 0 0 0 4/7 11:58 0:00 0:41
Nick Jensen 0 0 0 0 0 1 2 1 0 1 0/0 20:38 7:57 0:45
Nico Hischier 2 2 4 2 0 5 4 0 0 1 19/23 20:28 7:52 0:00
Owen Tippett 0 1 1 0 0 2 0 0 1 0 0/0 14:42 7:14 0:00
Thomas Harley 0 0 0 3 0 0 2 2 0 0 0/0 25:15 7:09 0:40
Yegor Chinakhov 1 0 1 1 0 2 0 0 0 0 0/1 8:20 0:00 0:00
3 Stars
1 - Nico Hischier (WSH)
2 - Alex Ovechkin (WSH)
3 - Matthew Boldy (DET)
Power Play
Detroit Red Wings - 0 on 1 Attempt(s) - 0.00%
Washington Capitals - 1 on 8 Attempt(s) - 12.50%
Penalty Kill
Detroit Red Wings - 7 on 8 Attempt(s) - 87.50%
- Score 0 goal in Penalty Kill
Washington Capitals - 1 on 1 Attempt(s) - 100.00%
- Score 0 goal in Penalty Kill
Team Stat
Detroit Red Wings - Hits : 19 - Faceoff Wins : 27 - Blocked Shots : 9 - Penalty Minutes : 16
Washington Capitals - Hits : 31 - Faceoff Wins : 35 - Blocked Shots : 11 - Penalty Minutes : 2
Official
Referees : Dan O'Rourke and Kelly Sutherland
Linesman : David Brisebois and Joseph Mahon
Game Notes
No Game Note
Finance
Level 1 -- Attendance: 5362 (89.37%) -- Ticket Income $509,390
Level 2 -- Attendance: 4373 (87.46%) -- Ticket Income $240,515
Level 3 -- Attendance: 3000 (100.00%) -- Ticket Income $99,000
Level 4 -- Attendance: 5000 (100.00%) -- Ticket Income $110,000
Luxury Box -- Attendance: 856 (85.60%) -- Ticket Income $166,920
Game was played at the Verizon Center.
Total Attendance: 18591 (92.96%)
Total Ticket Income: $1,125,825
Other Income: $394,039
Total Income: $1,519,864
Detroit Red Wings
5 vs 5 Forward
Center Left Wing Right Wing Time % Phy DF OF
1 Mika Zibanejad Carter Verhaeghe Matthew Boldy 35 1 2 2
2 Steven Stamkos Jared McCann Patrick Kane 35 1 1 3
3 Tyler Johnson Daniel Sprong Christian Fischer 20 1 2 2
4 Kevin Stenlund Brendan Gallagher Keegan Kolesar 10 2 2 1
5 vs 5 Defense
Defense Defense Time % Phy DF OF
1 Zachary Werenski MacKenzie Weegar 40 1 2 2
2 Shayne Gostisbehere Jeff Petry 30 1 2 2
3 Jackson LaCombe Zach Bogosian 20 3 1 1
4 Jackson LaCombe MacKenzie Weegar 10 1 2 2
PowerPlay Forward
Center Left Wing Right Wing Time % Phy DF OF
1 Steven Stamkos Jared McCann Patrick Kane 50 0 1 4
2 Mika Zibanejad Carter Verhaeghe Matthew Boldy 50 0 1 4
PowerPlay Defense
Defense Defense Time % Phy DF OF
1 Shayne Gostisbehere MacKenzie Weegar 50 1 2 2
2 Zachary Werenski Jeff Petry 50 1 2 2
Penalty Kill 4 Players Forward
Center Wing Time % Phy DF OF
1 Mika Zibanejad Christian Fischer 50 2 2 1
2 Kevin Stenlund Keegan Kolesar 50 2 2 1
Penalty Kill 4 Players Defense
Defense Defense Time % Phy DF OF
1 Jackson LaCombe MacKenzie Weegar 50 2 2 1
2 Zach Bogosian Zachary Werenski 50 2 2 1
Penalty Kill - 3 Players Forward
Forward Time % Phy DF OF
1 Mika Zibanejad 50 1 2 2
2 Steven Stamkos 50 1 2 2
Penalty Kill - 3 Players Defense
Defense Defense Time % Phy DF OF
1 Jackson LaCombe MacKenzie Weegar 50 1 2 2
2 Zachary Werenski Jeff Petry 50 2 2 1
4 vs 4 Forward
Center Wing Time % Phy DF OF
1 Mika Zibanejad Carter Verhaeghe 60 1 2 2
2 Steven Stamkos Matthew Boldy 40 1 1 3
4 vs 4 Defense
Defense Defense Time % Phy DF OF
1 Zachary Werenski MacKenzie Weegar 60 1 2 2
2 Jackson LaCombe Jeff Petry 40 1 2 2
Last Minutes Offensive
Center Left Wing Right Wing Defense Defense
Mika Zibanejad Steven Stamkos Matthew Boldy Zachary Werenski MacKenzie Weegar
Last Minutes Defensive
Center Left Wing Right Wing Defense Defense
Mika Zibanejad Steven Stamkos Matthew Boldy Zachary Werenski MacKenzie Weegar
Goaltenders
Starting : Calvin Pickard
Backup : Laurent Brossoit
Extra Forwards
Normal : Patrick Kane, Christian Fischer, Daniel Sprong - PP : Kevin Stenlund, Daniel Sprong - PK : Steven Stamkos
Extra Defensemen
Normal : Shayne Gostisbehere, Jackson LaCombe, Zach Bogosian - PP : Shayne Gostisbehere - PK : Shayne Gostisbehere, Jackson LaCombe
Penalty Shots
Mika Zibanejad, Steven Stamkos, Matthew Boldy, Carter Verhaeghe, Jared McCann
Scratches
Alexander Barabanov (Healthy), Kevin Shattenkirk (Healthy), Raphael Lavoie (Healthy), Yakov Trenin (Healthy), Vitek Vanecek (Healthy)
Washington Capitals
5 vs 5 Forward
Center Left Wing Right Wing Time % Phy DF OF
1 Nico Hischier Alex Ovechkin Jason Robertson 30 1 2 2
2 Mikael Backlund Brad Marchand Drake Batherson 30 1 2 2
3 Nick Foligno Jordan Kyrou Fabian Zetterlund 25 1 2 2
4 Michael McLeod Owen Tippett Yegor Chinakhov 15 1 2 2
5 vs 5 Defense
Defense Defense Time % Phy DF OF
1 John Carlson Jamie Oleksiak 30 1 2 2
2 Thomas Harley Derek Forbort 30 1 2 2
3 Ian Cole Nick Jensen 25 1 2 2
4 Thomas Harley Jamie Oleksiak 15 1 2 2
PowerPlay Forward
Center Left Wing Right Wing Time % Phy DF OF
1 Nico Hischier Brad Marchand Jason Robertson 50 1 2 2
2 Jordan Kyrou Owen Tippett Drake Batherson 50 1 2 2
PowerPlay Defense
Defense Defense Time % Phy DF OF
1 John Carlson Nick Jensen 50 1 2 2
2 Thomas Harley Jamie Oleksiak 50 1 2 2
Penalty Kill 4 Players Forward
Center Wing Time % Phy DF OF
1 Mikael Backlund Brad Marchand 50 1 2 2
2 Michael McLeod Nick Foligno 50 1 2 2
Penalty Kill 4 Players Defense
Defense Defense Time % Phy DF OF
1 Derek Forbort Jamie Oleksiak 50 1 2 2
2 Nick Jensen Ian Cole 50 1 2 2
Penalty Kill - 3 Players Forward
Forward Time % Phy DF OF
1 Mikael Backlund 50 1 2 2
2 Michael McLeod 50 1 2 2
Penalty Kill - 3 Players Defense
Defense Defense Time % Phy DF OF
1 Derek Forbort Jamie Oleksiak 50 1 2 2
2 Nick Jensen Ian Cole 50 1 2 2
4 vs 4 Forward
Center Wing Time % Phy DF OF
1 Nico Hischier Alex Ovechkin 50 1 2 2
2 Jordan Kyrou Jason Robertson 50 1 2 2
4 vs 4 Defense
Defense Defense Time % Phy DF OF
1 John Carlson Nick Jensen 50 1 2 2
2 Thomas Harley Jamie Oleksiak 50 1 2 2
Last Minutes Offensive
Center Left Wing Right Wing Defense Defense
Nico Hischier Brad Marchand Jason Robertson Nick Jensen Thomas Harley
Last Minutes Defensive
Center Left Wing Right Wing Defense Defense
Mikael Backlund Brad Marchand Nick Foligno Derek Forbort Jamie Oleksiak
Goaltenders
Starting : Jake Oettinger
Backup : Sergei Bobrovsky
Extra Forwards
Normal : Jordan Kyrou, Nick Foligno, Owen Tippett - PP : Drake Batherson, Owen Tippett - PK : Fabian Zetterlund
Extra Defensemen
Normal : Derek Forbort, Nick Jensen, Thomas Harley - PP : Derek Forbort - PK : Nick Jensen, Thomas Harley
Penalty Shots
Jason Robertson, Drake Batherson, Yegor Chinakhov, John Carlson, Jordan Kyrou
Scratches
Stefan Noesen (Healthy)
% Time on Ice - Detroit Red Wings
Lines # - Real PCT - Wanted PCT - Time Play
Normal Forward
1 - 35% - 35% - 15:11
2 - 33% - 35% - 14:12
3 - 19% - 20% - 8:18
4 - 13% - 10% - 5:45
Normal Defense
1 - 40% - 40% - 17:16
2 - 34% - 30% - 14:54
3 - 20% - 20% - 8:51
4 - 6% - 10% - 2:25
PP Forward
1 - 55% - 50% - 0:48
2 - 45% - 50% - 0:40
PP Defense
1 - 57% - 50% - 0:50
2 - 43% - 50% - 0:38
PK Forward
1 - 50% - 50% - 7:34
2 - 50% - 50% - 7:32
PK Defense
1 - 50% - 50% - 7:33
2 - 50% - 50% - 7:33
PK3 Forward
1 - 0% - 50%
2 - 0% - 50%
PK3 Defense
1 - 0% - 50%
2 - 0% - 50%
44 Forward
1 - 0% - 60%
2 - 0% - 40%
44 Defense
1 - 0% - 60%
2 - 0% - 40%
Last Minute Offensive - 0:00
Last Minute Defensive - 0:00
Total
Forward - 60:00
Defense - 60:00
|
% Time on Ice - Washington Capitals
Lines # - Real PCT - Wanted PCT - Time Play
Normal Forward
1 - 29% - 30% - 12:36
2 - 29% - 30% - 12:43
3 - 26% - 25% - 11:05
4 - 16% - 15% - 7:02
Normal Defense
1 - 32% - 30% - 14:03
2 - 32% - 30% - 13:44
3 - 26% - 25% - 11:07
4 - 10% - 15% - 4:32
PP Forward
1 - 52% - 50% - 7:52
2 - 48% - 50% - 7:14
PP Defense
1 - 53% - 50% - 7:57
2 - 47% - 50% - 7:09
PK Forward
1 - 53% - 50% - 0:47
2 - 47% - 50% - 0:41
PK Defense
1 - 55% - 50% - 0:48
2 - 45% - 50% - 0:40
PK3 Forward
1 - 0% - 50%
2 - 0% - 50%
PK3 Defense
1 - 0% - 50%
2 - 0% - 50%
44 Forward
1 - 0% - 50%
2 - 0% - 50%
44 Defense
1 - 0% - 50%
2 - 0% - 50%
Last Minute Offensive - 0:00
Last Minute Defensive - 0:00
Total
Forward - 60:00
Defense - 60:00
|
Play-by-Play
1st period
0:01 of 1st period - Nico Hischier wins face-off versus Mika Zibanejad in neutral zone.
0:04 of 1st period - Snap shot by Jason Robertson.
0:04 of 1st period - Shot Misses the Net.
0:12 of 1st period - Snap shot by Matthew Boldy.
0:12 of 1st period - Goal by Matthew Boldy - Detroit Red Wings : 1 - Washington Capitals : 0.
0:13 of 1st period - Steven Stamkos wins face-off versus Mikael Backlund in neutral zone.
0:16 of 1st period - Snap shot by Patrick Kane.
0:16 of 1st period - Stopped by Jake Oettinger with a rebound.
0:22 of 1st period - Snap shot by Brad Marchand.
0:22 of 1st period - Stopped by Calvin Pickard without a rebound.
0:23 of 1st period - Mikael Backlund wins face-off versus Steven Stamkos in Detroit Red Wings zone.
0:26 of 1st period - Wrist shot by Drake Batherson.
0:26 of 1st period - Deflect By Brad Marchand.
0:26 of 1st period - Shot Misses the Net.
0:26 of 1st period - Puck is out of play.
0:27 of 1st period - Tyler Johnson wins face-off versus Nick Foligno in Detroit Red Wings zone.
0:36 of 1st period - Snap shot by Daniel Sprong.
0:36 of 1st period - Shot Misses the Net.
0:38 of 1st period - Slapshot by Zach Bogosian.
0:38 of 1st period - Deflect By Daniel Sprong.
0:38 of 1st period - Stopped by Jake Oettinger without a rebound.
0:39 of 1st period - Michael McLeod wins face-off versus Kevin Stenlund in Washington Capitals zone.
0:43 of 1st period - Icing by Owen Tippett.
0:44 of 1st period - Kevin Stenlund wins face-off versus Michael McLeod in Washington Capitals zone.
0:44 of 1st period - MacKenzie Weegar is hit by Thomas Harley and loses puck.
1:21 of 1st period - Slapshot by Carter Verhaeghe.
1:21 of 1st period - Shot Misses the Net.
1:39 of 1st period - Snap shot by Steven Stamkos.
1:39 of 1st period - Stopped by Jake Oettinger without a rebound.
1:40 of 1st period - Steven Stamkos wins face-off versus Fabian Zetterlund in Washington Capitals zone.
1:51 of 1st period - Wrist shot by Patrick Kane.
1:51 of 1st period - Shot Blocked by Nick Jensen.
1:53 of 1st period - Slapshot by MacKenzie Weegar.
1:53 of 1st period - Stopped by Jake Oettinger with a rebound.
1:55 of 1st period - Snap shot by Steven Stamkos.
1:55 of 1st period - Stopped by Jake Oettinger with a rebound.
2:05 of 1st period - Jeff Petry is hit by Drake Batherson and loses puck.
2:14 of 1st period - Wrist shot by Tyler Johnson.
2:14 of 1st period - Stopped by Jake Oettinger without a rebound.
2:15 of 1st period - Nico Hischier wins face-off versus Mika Zibanejad in Washington Capitals zone.
2:32 of 1st period - Snap shot by Jason Robertson.
2:32 of 1st period - Shot Blocked by Zachary Werenski.
2:44 of 1st period - Wrist shot by Fabian Zetterlund.
2:44 of 1st period - Stopped by Calvin Pickard without a rebound.
2:45 of 1st period - Steven Stamkos wins face-off versus Nick Foligno in Detroit Red Wings zone.
2:45 of 1st period - Steven Stamkos is hit by Derek Forbort.
3:18 of 1st period - Snap shot by Mikael Backlund.
3:18 of 1st period - Shot Blocked by Jackson LaCombe.
3:26 of 1st period - John Carlson is hit by Tyler Johnson and loses puck.
3:42 of 1st period - Mika Zibanejad is hit by Jamie Oleksiak and loses puck.
3:47 of 1st period - Snap shot by Owen Tippett.
3:47 of 1st period - Shot Misses the Net.
4:25 of 1st period - Fabian Zetterlund is hit by Steven Stamkos.
5:15 of 1st period - Snap shot by Owen Tippett.
5:15 of 1st period - Stopped by Calvin Pickard with a rebound.
5:37 of 1st period - Backhand shot by Nico Hischier.
5:37 of 1st period - Deflect By Steven Stamkos.
5:37 of 1st period - Stopped by Calvin Pickard with a rebound.
5:39 of 1st period - Minor Penalty to Patrick Kane for Roughing.
5:40 of 1st period - Nico Hischier wins face-off versus Mika Zibanejad in Detroit Red Wings zone.
6:12 of 1st period - Icing by Drake Batherson.
6:13 of 1st period - Jordan Kyrou wins face-off versus Kevin Stenlund in Washington Capitals zone.
6:44 of 1st period - Kevin Stenlund is hit by Drake Batherson and loses puck.
7:08 of 1st period - Off-side.
7:09 of 1st period - Mika Zibanejad wins face-off versus Jason Robertson in neutral zone.
7:14 of 1st period - Wrist shot by Mika Zibanejad.
7:14 of 1st period - Stopped by Jake Oettinger with a rebound.
7:39 of 1st period - Penalty to Patrick Kane is over, Patrick Kane is back on ice.
7:41 of 1st period - Jackson LaCombe is hit by Nico Hischier and loses puck.
8:29 of 1st period - Nick Jensen is hit by Carter Verhaeghe and loses puck.
8:36 of 1st period - Wrist shot by Matthew Boldy.
8:36 of 1st period - Shot Misses the Net.
9:01 of 1st period - Wrist shot by Owen Tippett.
9:01 of 1st period - Shot Misses the Net.
9:03 of 1st period - Slapshot by Derek Forbort.
9:03 of 1st period - Stopped by Calvin Pickard with a rebound.
9:15 of 1st period - Slapshot by Brad Marchand.
9:15 of 1st period - Stopped by Calvin Pickard without a rebound.
9:16 of 1st period - Mikael Backlund wins face-off versus Kevin Stenlund in Detroit Red Wings zone.
9:17 of 1st period - Slapshot by Drake Batherson.
9:17 of 1st period - Shot Misses the Net.
9:29 of 1st period - Wrist shot by Kevin Stenlund.
9:29 of 1st period - Shot Blocked by Thomas Harley.
9:31 of 1st period - Slapshot by Keegan Kolesar.
9:31 of 1st period - Shot Misses the Net.
9:45 of 1st period - Slapshot by Mika Zibanejad.
9:45 of 1st period - Deflect By Matthew Boldy.
9:45 of 1st period - Shot Misses the Net.
9:45 of 1st period - Puck is out of play.
9:46 of 1st period - Nico Hischier wins face-off versus Mika Zibanejad in Washington Capitals zone.
9:59 of 1st period - Snap shot by Alex Ovechkin.
9:59 of 1st period - Goal by Alex Ovechkin - Detroit Red Wings : 1 - Washington Capitals : 1.
10:00 of 1st period - Mikael Backlund wins face-off versus Steven Stamkos in neutral zone.
10:07 of 1st period - Snap shot by Drake Batherson.
10:07 of 1st period - Stopped by Calvin Pickard with a rebound.
10:09 of 1st period - Snap shot by Drake Batherson.
10:09 of 1st period - Stopped by Calvin Pickard without a rebound.
10:10 of 1st period - Steven Stamkos wins face-off versus Mikael Backlund in Detroit Red Wings zone.
10:10 of 1st period - Steven Stamkos is hit by Drake Batherson.
10:18 of 1st period - Ian Cole is hit by Patrick Kane.
10:28 of 1st period - Backhand shot by Brad Marchand.
10:28 of 1st period - Stopped by Calvin Pickard without a rebound.
10:29 of 1st period - Nico Hischier wins face-off versus Mika Zibanejad in Detroit Red Wings zone.
10:38 of 1st period - Wrist shot by Carter Verhaeghe.
10:38 of 1st period - Shot Blocked by Jamie Oleksiak.
10:40 of 1st period - Slapshot by Matthew Boldy.
10:40 of 1st period - Stopped by Jake Oettinger without a rebound.
10:41 of 1st period - Nick Foligno wins face-off versus Mika Zibanejad in Washington Capitals zone.
10:52 of 1st period - Wrist shot by Mika Zibanejad.
10:52 of 1st period - Stopped by Jake Oettinger with a rebound.
10:54 of 1st period - Snap shot by Mika Zibanejad.
10:54 of 1st period - Stopped by Jake Oettinger without a rebound.
10:55 of 1st period - Nico Hischier wins face-off versus Steven Stamkos in Washington Capitals zone.
11:11 of 1st period - Snap shot by Steven Stamkos.
11:11 of 1st period - Shot Blocked by Jamie Oleksiak.
11:21 of 1st period - Wrist shot by Matthew Boldy.
11:21 of 1st period - Stopped by Jake Oettinger without a rebound.
11:22 of 1st period - Mika Zibanejad wins face-off versus Mikael Backlund in Washington Capitals zone.
12:01 of 1st period - Wrist shot by Matthew Boldy.
12:01 of 1st period - Shot Blocked by John Carlson.
12:03 of 1st period - Snap shot by Mika Zibanejad.
12:03 of 1st period - Shot Blocked by Jamie Oleksiak.
12:09 of 1st period - Snap shot by Matthew Boldy.
12:09 of 1st period - Goal by Matthew Boldy - Detroit Red Wings : 2 - Washington Capitals : 1.
12:10 of 1st period - Nick Foligno wins face-off versus Steven Stamkos in neutral zone.
12:13 of 1st period - Snap shot by Fabian Zetterlund.
12:13 of 1st period - Shot Blocked by Zachary Werenski.
12:15 of 1st period - Slapshot by Thomas Harley.
12:15 of 1st period - Shot Blocked by MacKenzie Weegar.
12:17 of 1st period - Slapshot by Nick Foligno.
12:17 of 1st period - Stopped by Calvin Pickard with a rebound.
12:19 of 1st period - Snap shot by Thomas Harley.
12:19 of 1st period - Shot Blocked by Jared McCann.
13:19 of 1st period - Minor Penalty to Brendan Gallagher for Holding.
13:20 of 1st period - Mika Zibanejad wins face-off versus Nico Hischier in Detroit Red Wings zone.
14:08 of 1st period - Jackson LaCombe is hit by Nick Jensen and loses puck.
15:19 of 1st period - Penalty to Brendan Gallagher is over, Brendan Gallagher is back on ice.
15:48 of 1st period - Slapshot by Steven Stamkos.
15:48 of 1st period - Shot Blocked by John Carlson.
15:54 of 1st period - Snap shot by Steven Stamkos.
15:54 of 1st period - Stopped by Jake Oettinger with a rebound.
15:56 of 1st period - Backhand shot by Jackson LaCombe.
15:56 of 1st period - Shot Misses the Net.
15:58 of 1st period - Snap shot by Shayne Gostisbehere.
15:58 of 1st period - Stopped by Jake Oettinger with a rebound.
16:00 of 1st period - Slapshot by Brendan Gallagher.
16:00 of 1st period - Deflect By Steven Stamkos.
16:00 of 1st period - Shot Misses the Net.
16:00 of 1st period - Puck is out of play.
16:01 of 1st period - Mika Zibanejad wins face-off versus Nico Hischier in Washington Capitals zone.
16:02 of 1st period - Snap shot by Carter Verhaeghe.
16:02 of 1st period - Stopped by Jake Oettinger without a rebound.
16:03 of 1st period - Mika Zibanejad wins face-off versus Jason Robertson in Washington Capitals zone.
16:20 of 1st period - Snap shot by Nico Hischier.
16:20 of 1st period - Stopped by Calvin Pickard without a rebound.
16:21 of 1st period - Mikael Backlund wins face-off versus Steven Stamkos in Detroit Red Wings zone.
16:25 of 1st period - Icing by Shayne Gostisbehere.
16:26 of 1st period - Steven Stamkos wins face-off versus Mikael Backlund in Detroit Red Wings zone.
16:41 of 1st period - Slapshot by Steven Stamkos.
16:41 of 1st period - Shot Misses the Net.
17:44 of 1st period - Off-side.
17:45 of 1st period - Nico Hischier wins face-off versus Mika Zibanejad in neutral zone.
18:00 of 1st period - Wrist shot by Carter Verhaeghe.
18:00 of 1st period - Stopped by Jake Oettinger with a rebound.
18:02 of 1st period - Snap shot by Mika Zibanejad.
18:02 of 1st period - Shot Blocked by Alex Ovechkin.
18:39 of 1st period - Keegan Kolesar is hit by Ian Cole and loses puck.
19:25 of 1st period - Carter Verhaeghe is hit by Fabian Zetterlund and loses puck.
Goals for this period are 2 for Detroit Red Wings vs 1 for Washington Capitals.
Shots for this period are 17 for Detroit Red Wings vs 12 for Washington Capitals.
2nd period
0:01 of 2nd period - Nico Hischier wins face-off versus Steven Stamkos in neutral zone.
0:04 of 2nd period - Snap shot by Alex Ovechkin.
0:04 of 2nd period - Goal by Alex Ovechkin - Detroit Red Wings : 2 - Washington Capitals : 2.
0:05 of 2nd period - Patrick Kane wins face-off versus Jason Robertson in neutral zone.
0:32 of 2nd period - Christian Fischer is hit by Nick Jensen and loses puck.
1:18 of 2nd period - Icing by Jeff Petry.
1:19 of 2nd period - Kevin Stenlund wins face-off versus Yegor Chinakhov in Detroit Red Wings zone.
1:53 of 2nd period - Backhand shot by Owen Tippett.
1:53 of 2nd period - Stopped by Calvin Pickard with a rebound.
1:57 of 2nd period - Wrist shot by Michael McLeod.
1:57 of 2nd period - Shot Misses the Net.
1:59 of 2nd period - Snap shot by Michael McLeod.
1:59 of 2nd period - Shot Blocked by Jeff Petry.
2:01 of 2nd period - Wrist shot by Michael McLeod.
2:01 of 2nd period - Stopped by Calvin Pickard with a rebound.
2:03 of 2nd period - Slapshot by Derek Forbort.
2:03 of 2nd period - Shot Misses the Net.
2:05 of 2nd period - Slapshot by Derek Forbort.
2:05 of 2nd period - Stopped by Calvin Pickard without a rebound.
2:06 of 2nd period - Steven Stamkos wins face-off versus Alex Ovechkin in Detroit Red Wings zone.
2:06 of 2nd period - Steven Stamkos is hit by Nico Hischier.
2:34 of 2nd period - Off-side.
2:35 of 2nd period - Mikael Backlund wins face-off versus Mika Zibanejad in neutral zone.
2:58 of 2nd period - Minor Penalty to Zach Bogosian for Hooking.
2:59 of 2nd period - Kevin Stenlund wins face-off versus Drake Batherson in Detroit Red Wings zone.
3:10 of 2nd period - Snap shot by Keegan Kolesar.
3:10 of 2nd period - Deflect By Kevin Stenlund.
3:10 of 2nd period - Shot Misses the Net.
3:10 of 2nd period - Puck is out of play.
3:11 of 2nd period - Nico Hischier wins face-off versus Mika Zibanejad in Washington Capitals zone.
3:11 of 2nd period - Nico Hischier is hit by Mika Zibanejad.
4:36 of 2nd period - Jackson LaCombe is hit by Brad Marchand and loses puck.
4:58 of 2nd period - Penalty to Zach Bogosian is over, Zach Bogosian is back on ice.
5:25 of 2nd period - Thomas Harley is hit by Shayne Gostisbehere and loses puck.
5:38 of 2nd period - Jeff Petry is hit by Jamie Oleksiak and loses puck.
6:23 of 2nd period - Jackson LaCombe is hit by Nick Foligno and loses puck.
6:48 of 2nd period - Minor Penalty to Zach Bogosian for Tripping.
6:49 of 2nd period - Nico Hischier wins face-off versus Kevin Stenlund in Detroit Red Wings zone.
6:58 of 2nd period - Slapshot by Nico Hischier.
6:58 of 2nd period - Shot Blocked by Jackson LaCombe.
7:00 of 2nd period - Slapshot by John Carlson.
7:00 of 2nd period - Stopped by Calvin Pickard with a rebound.
7:02 of 2nd period - Slapshot by Nick Jensen.
7:02 of 2nd period - Stopped by Calvin Pickard without a rebound.
7:03 of 2nd period - Jordan Kyrou wins face-off versus Mika Zibanejad in Detroit Red Wings zone.
7:04 of 2nd period - Wrist shot by Drake Batherson.
7:04 of 2nd period - Shot Misses the Net.
8:48 of 2nd period - Penalty to Zach Bogosian is over, Zach Bogosian is back on ice.
8:58 of 2nd period - Snap shot by Patrick Kane.
8:58 of 2nd period - Stopped by Jake Oettinger without a rebound.
8:59 of 2nd period - Nick Foligno wins face-off versus Steven Stamkos in Washington Capitals zone.
9:08 of 2nd period - Snap shot by Yegor Chinakhov.
9:08 of 2nd period - Stopped by Calvin Pickard without a rebound.
9:09 of 2nd period - Nico Hischier wins face-off versus Steven Stamkos in Detroit Red Wings zone.
9:10 of 2nd period - Wrist shot by Alex Ovechkin.
9:10 of 2nd period - Stopped by Calvin Pickard with a rebound.
9:22 of 2nd period - Nick Jensen is hit by Steven Stamkos and loses puck.
10:01 of 2nd period - Minor Penalty to Zach Bogosian for Cross-checking.
10:02 of 2nd period - Christian Fischer wins face-off versus Jordan Kyrou in Detroit Red Wings zone.
12:01 of 2nd period - Penalty to Zach Bogosian is over, Zach Bogosian is back on ice.
12:09 of 2nd period - Snap shot by Yegor Chinakhov.
12:09 of 2nd period - Goal by Yegor Chinakhov - Detroit Red Wings : 2 - Washington Capitals : 3.
12:10 of 2nd period - Nico Hischier wins face-off versus Steven Stamkos in neutral zone.
12:25 of 2nd period - Slapshot by Patrick Kane.
12:25 of 2nd period - Stopped by Jake Oettinger with a rebound.
12:35 of 2nd period - Matthew Boldy is hit by Thomas Harley and loses puck.
12:56 of 2nd period - Snap shot by Carter Verhaeghe.
12:56 of 2nd period - Shot Misses the Net.
12:58 of 2nd period - Slapshot by Zachary Werenski.
12:58 of 2nd period - Stopped by Jake Oettinger with a rebound.
13:06 of 2nd period - Wrist shot by Nick Foligno.
13:06 of 2nd period - Stopped by Calvin Pickard with a rebound.
13:20 of 2nd period - Wrist shot by Jackson LaCombe.
13:20 of 2nd period - Shot Misses the Net.
13:26 of 2nd period - Wrist shot by Keegan Kolesar.
13:26 of 2nd period - Stopped by Jake Oettinger with a rebound.
14:39 of 2nd period - Snap shot by Alex Ovechkin.
14:39 of 2nd period - Deflect By Nico Hischier.
14:39 of 2nd period - Stopped by Calvin Pickard with a rebound.
14:41 of 2nd period - Snap shot by Nico Hischier.
14:41 of 2nd period - Goal by Nico Hischier - Detroit Red Wings : 2 - Washington Capitals : 4.
14:42 of 2nd period - Steven Stamkos wins face-off versus Mikael Backlund in neutral zone.
14:45 of 2nd period - John Carlson is hit by Zachary Werenski and loses puck.
15:55 of 2nd period - Derek Forbort is hit by Shayne Gostisbehere and loses puck.
16:33 of 2nd period - John Carlson is hit by Zachary Werenski and loses puck.
16:45 of 2nd period - Icing by Jamie Oleksiak.
16:46 of 2nd period - Nick Foligno wins face-off versus Tyler Johnson in Washington Capitals zone.
16:58 of 2nd period - Slapshot by Tyler Johnson.
16:58 of 2nd period - Stopped by Jake Oettinger without a rebound.
16:59 of 2nd period - Steven Stamkos wins face-off versus Mikael Backlund in Washington Capitals zone.
17:48 of 2nd period - Jamie Oleksiak is hit by Zach Bogosian.
17:57 of 2nd period - Off-side.
17:58 of 2nd period - Mikael Backlund wins face-off versus Steven Stamkos in neutral zone.
18:21 of 2nd period - Minor Penalty to MacKenzie Weegar for High sticking.
18:22 of 2nd period - Jordan Kyrou wins face-off versus Mika Zibanejad in Detroit Red Wings zone.
18:33 of 2nd period - Slapshot by Jordan Kyrou.
18:33 of 2nd period - Stopped by Calvin Pickard with a rebound.
18:47 of 2nd period - Jackson LaCombe is hit by Brad Marchand and loses puck.
18:58 of 2nd period - Snap shot by Brad Marchand.
18:58 of 2nd period - Shot Blocked by Zach Bogosian.
Goals for this period are 0 for Detroit Red Wings vs 3 for Washington Capitals.
Shots for this period are 5 for Detroit Red Wings vs 13 for Washington Capitals.
3rd period
0:01 of 3rd period - Nico Hischier wins face-off versus Kevin Stenlund in neutral zone.
0:21 of 3rd period - Penalty to MacKenzie Weegar is over, MacKenzie Weegar is back on ice.
0:26 of 3rd period - Jackson LaCombe is hit by Drake Batherson.
0:36 of 3rd period - Snap shot by Patrick Kane.
0:36 of 3rd period - Shot Misses the Net.
1:19 of 3rd period - Owen Tippett is hit by Zachary Werenski and loses puck.
1:26 of 3rd period - Daniel Sprong is hit by Michael McLeod.
1:36 of 3rd period - Drake Batherson is hit by Steven Stamkos and loses puck.
1:47 of 3rd period - Slapshot by Jared McCann.
1:47 of 3rd period - Stopped by Jake Oettinger without a rebound.
1:48 of 3rd period - Nico Hischier wins face-off versus Mika Zibanejad in Washington Capitals zone.
2:21 of 3rd period - Snap shot by Brad Marchand.
2:21 of 3rd period - Shot Blocked by Carter Verhaeghe.
2:29 of 3rd period - Wrist shot by Mika Zibanejad.
2:29 of 3rd period - Shot Blocked by Brad Marchand.
2:31 of 3rd period - Snap shot by Matthew Boldy.
2:31 of 3rd period - Shot Misses the Net.
2:33 of 3rd period - Wrist shot by Carter Verhaeghe.
2:33 of 3rd period - Shot Misses the Net.
2:41 of 3rd period - Snap shot by Mika Zibanejad.
2:41 of 3rd period - Stopped by Jake Oettinger with a rebound.
2:47 of 3rd period - Wrist shot by Mika Zibanejad.
2:47 of 3rd period - Stopped by Jake Oettinger with a rebound.
2:53 of 3rd period - Wrist shot by Matthew Boldy.
2:53 of 3rd period - Stopped by Jake Oettinger without a rebound.
2:54 of 3rd period - Nico Hischier wins face-off versus Steven Stamkos in Washington Capitals zone.
2:59 of 3rd period - Slapshot by Steven Stamkos.
2:59 of 3rd period - Stopped by Jake Oettinger without a rebound.
3:00 of 3rd period - Nico Hischier wins face-off versus Steven Stamkos in Washington Capitals zone.
3:00 of 3rd period - Nico Hischier is hit by Zachary Werenski.
3:17 of 3rd period - Minor Penalty to MacKenzie Weegar for Slashing.
3:18 of 3rd period - Mika Zibanejad wins face-off versus Jordan Kyrou in Detroit Red Wings zone.
3:18 of 3rd period - Mika Zibanejad is hit by John Carlson.
3:39 of 3rd period - Jackson LaCombe is hit by John Carlson and loses puck.
4:09 of 3rd period - Mika Zibanejad is hit by Brad Marchand and loses puck.
4:28 of 3rd period - Snap shot by Nico Hischier.
4:28 of 3rd period - Deflect By Jason Robertson.
4:28 of 3rd period - Shot Misses the Net.
4:28 of 3rd period - Puck is out of play.
4:29 of 3rd period - Jordan Kyrou wins face-off versus Kevin Stenlund in Detroit Red Wings zone.
4:30 of 3rd period - Snap shot by Drake Batherson.
4:30 of 3rd period - Goal by Drake Batherson - Detroit Red Wings : 2 - Washington Capitals : 5.
4:31 of 3rd period - Nico Hischier wins face-off versus Steven Stamkos in neutral zone.
4:36 of 3rd period - Slapshot by Nico Hischier.
4:36 of 3rd period - Goal by Nico Hischier - Detroit Red Wings : 2 - Washington Capitals : 6.
4:37 of 3rd period - Nico Hischier wins face-off versus Steven Stamkos in neutral zone.
4:53 of 3rd period - Slapshot by Steven Stamkos.
4:53 of 3rd period - Shot Hit the Post.
5:05 of 3rd period - Slapshot by Mika Zibanejad.
5:05 of 3rd period - Shot Hit the Post.
5:40 of 3rd period - Minor Penalty to Jeff Petry for Roughing.
5:41 of 3rd period - Mika Zibanejad wins face-off versus Jordan Kyrou in Detroit Red Wings zone.
7:26 of 3rd period - Thomas Harley is hit by Zach Bogosian and loses puck.
7:33 of 3rd period - John Carlson is hit by Zachary Werenski and loses puck.
7:40 of 3rd period - Penalty to Jeff Petry is over, Jeff Petry is back on ice.
7:40 of 3rd period - Steven Stamkos is hit by Jason Robertson and loses puck.
7:55 of 3rd period - Slapshot by Mika Zibanejad.
7:55 of 3rd period - Stopped by Jake Oettinger with a rebound.
9:08 of 3rd period - Icing by Jackson LaCombe.
9:09 of 3rd period - Tyler Johnson wins face-off versus Michael McLeod in Detroit Red Wings zone.
9:18 of 3rd period - MacKenzie Weegar is hit by Jamie Oleksiak and loses puck.
10:13 of 3rd period - Backhand shot by Matthew Boldy.
10:13 of 3rd period - Stopped by Jake Oettinger with a rebound.
10:15 of 3rd period - Slapshot by MacKenzie Weegar.
10:15 of 3rd period - Stopped by Jake Oettinger without a rebound.
10:16 of 3rd period - Mika Zibanejad wins face-off versus Nick Foligno in Washington Capitals zone.
10:27 of 3rd period - Jordan Kyrou is hit by Zachary Werenski and loses puck.
11:35 of 3rd period - Fabian Zetterlund is hit by Mika Zibanejad.
11:38 of 3rd period - Off-side.
11:39 of 3rd period - Steven Stamkos wins face-off versus Nico Hischier in neutral zone.
12:12 of 3rd period - Snap shot by Drake Batherson.
12:12 of 3rd period - Shot Misses the Net.
12:14 of 3rd period - Slapshot by Jamie Oleksiak.
12:14 of 3rd period - Shot Misses the Net.
13:23 of 3rd period - Jackson LaCombe is hit by Alex Ovechkin and loses puck.
14:00 of 3rd period - Shayne Gostisbehere is hit by Drake Batherson and loses puck.
14:13 of 3rd period - Daniel Sprong is hit by Ian Cole.
14:37 of 3rd period - Daniel Sprong is hit by Nico Hischier and loses puck.
14:58 of 3rd period - Nick Jensen is hit by Patrick Kane and loses puck.
15:49 of 3rd period - Icing by Jared McCann.
15:50 of 3rd period - Nico Hischier wins face-off versus Steven Stamkos in Detroit Red Wings zone.
16:01 of 3rd period - Jared McCann is hit by Alex Ovechkin and loses puck.
16:16 of 3rd period - Zachary Werenski is hit by Ian Cole and loses puck.
16:36 of 3rd period - Slapshot by Zachary Werenski.
16:36 of 3rd period - Stopped by Jake Oettinger without a rebound.
16:37 of 3rd period - Mikael Backlund wins face-off versus Mika Zibanejad in Washington Capitals zone.
16:54 of 3rd period - Snap shot by Brad Marchand.
16:54 of 3rd period - Stopped by Calvin Pickard with a rebound.
17:08 of 3rd period - Christian Fischer is hit by Nico Hischier and loses puck.
17:47 of 3rd period - Slapshot by Zach Bogosian.
17:47 of 3rd period - Shot Misses the Net.
17:49 of 3rd period - Slapshot by Jackson LaCombe.
17:49 of 3rd period - Shot Blocked by Thomas Harley.
17:51 of 3rd period - Snap shot by Zach Bogosian.
17:51 of 3rd period - Stopped by Jake Oettinger with a rebound.
17:53 of 3rd period - Slapshot by Zach Bogosian.
17:53 of 3rd period - Stopped by Jake Oettinger without a rebound.
17:54 of 3rd period - Mika Zibanejad wins face-off versus Nico Hischier in Washington Capitals zone.
18:09 of 3rd period - Snap shot by Mika Zibanejad.
18:09 of 3rd period - Goal by Mika Zibanejad - Detroit Red Wings : 3 - Washington Capitals : 6.
18:10 of 3rd period - Jared McCann wins face-off versus Jason Robertson in neutral zone.
18:17 of 3rd period - Snap shot by Patrick Kane.
18:17 of 3rd period - Shot Blocked by Jamie Oleksiak.
18:21 of 3rd period - Snap shot by Steven Stamkos.
18:21 of 3rd period - Deflect By Jared McCann.
18:21 of 3rd period - Stopped by Jake Oettinger with a rebound.
18:23 of 3rd period - Slapshot by Jared McCann.
18:23 of 3rd period - Stopped by Jake Oettinger with a rebound.
18:25 of 3rd period - Snap shot by Patrick Kane.
18:25 of 3rd period - Stopped by Jake Oettinger with a rebound.
18:31 of 3rd period - Minor Penalty to Jamie Oleksiak for Interference.
18:32 of 3rd period - Jared McCann wins face-off versus Mikael Backlund in Washington Capitals zone.
18:40 of 3rd period - Snap shot by Patrick Kane.
18:40 of 3rd period - Deflect By Nick Jensen.
18:40 of 3rd period - Stopped by Jake Oettinger with a rebound.
18:42 of 3rd period - Slapshot by Shayne Gostisbehere.
18:42 of 3rd period - Shot Misses the Net.
Goals for this period are 1 for Detroit Red Wings vs 2 for Washington Capitals.
Shots for this period are 16 for Detroit Red Wings vs 3 for Washington Capitals.
Back to the Top